 Dungeon Crawl Stone Soup version 0.19.1-1-g22dce08 (webtiles) character file.

49 esteth the Chopper (level 4, -1/35 HPs)
             Began as a Formicid Abyssal Knight on Jan 7, 2017.
             Was a Believer of Lugonu.
             Succumbed to a gnoll's poison
             ... on level 1 of the Dungeon.
             The game lasted 00:04:05 (1618 turns).

esteth the Chopper (Formicid Abyssal Knight)        Turns: 1618, Time: 00:04:06

Health: -1/35      AC: 10    Str: 18    XL:     4   Next: 1%
Magic:  5/5        EV:  5    Int: 16    God:    Lugonu [**....]
Gold:   62         SH:  0    Dex: 10    Spells: 0 memorised, 3 levels left

rFire  . . .     SeeInvis +     a - +1 hand axe
rCold  . . .     Gourm    .     j - +0 plate armour
rNeg   . . .     Faith    .     (no shield)
rPois  .         Spirit   .     (helmet unavailable)
rElec  .         Reflect  .     (no cloak)
rCorr  .         Harm     .     (no gloves)
MR     .....                    (no boots)
Stlth  ..........               (no amulet)
                                (no ring)
                                (no ring)

@: brilliant, lethally poisoned (-1 -> -30)
A: permanent stasis, dig shafts and tunnels, four strong arms, antennae 3
a: Dig, Shaft Self, Depart the Abyss, Bend Space, Renounce Religion


You were on level 1 of the Dungeon.
You worshipped Lugonu.
Lugonu was pleased with you.
You were not hungry.

You visited 1 branch of the dungeon, and saw 2 of its levels.
You visited the Abyss 1 time.

You collected 62 gold pieces.

Inventory:

Hand Weapons
 a - a +1 hand axe (weapon)
Armour
 j - a +0 plate armour (worn)
Scrolls
 f - a scroll of remove curse {unknown}
Potions
 e - a potion of might {unknown}
 h - a potion of agility {unknown}
Comestibles
 c - a bread ration {@e1}


   Skills:
 - Level 3.2 Fighting
 + Level 4.0 Axes
 - Level 2.1 Armour
 - Level 0.8 Dodging
 - Level 2.1 Invocations


You had 3 spell levels left.
You didn't know any spells.

Dungeon Overview and Level Annotations

Branches:
Dungeon (2/15)

Altars:


Innate Abilities, Weirdness & Mutations

You are under a permanent stasis effect.
You can dig through walls and to a lower floor.
Your four strong arms can wield two-handed weapons with a shield.
You have a pair of large antennae on your head. (SInv)


Message History

You closely miss the gnoll. You hit the gnoll.
You feel sick. The gnoll hits you but does no damage.
The gnoll barely misses you. The gnoll hits you but does no damage.
You are more poisoned.
Firing (i - inventory): No suitable missiles.
Press: ? - help, Shift-Dir - straight line, f - gnoll
Aim: a gnoll, wielding a spear (heavily wounded)
Okay, then.
You can't shaft yourself on this terrain.
Space bends around you!
You blink.
* * * LOW HITPOINT WARNING * * *
x2 You feel very sick.
* * * LOW HITPOINT WARNING * * *
You feel sick.
It was a potion of brilliance.
You feel clever all of a sudden.
* * * LOW HITPOINT WARNING * * *
You feel very sick.
It was a potion of magic.
Magic courses through your body.
You die...

####..###...)....#
..#.#.###........#
...###.##.#......#########
#.#.#....................#######
#.......#####.......######.....#
###....###..........###.....⌠..#
###.)..###.###......##.........##
#..................##....#......#
........#####...@......###....)..
#.......# #.....##..## #..<..#.
###.....# #.....###..###....... #
#...#.# #...g## #....#......# #
#####.#####....# ##.........## #
#.......##.# ##.....⌠..# #
###...####g#########.....# #
#...# #g...##.# #######
#########...# #.##.##.# #.####


You could see 3 gnolls.

Vanquished Creatures
  2 adders
  A worm (D:2)
  A dart slug (D:1)
  2 giant cockroaches (D:1)
  3 goblins (D:1)
  5 hobgoblins
  2 ball pythons
  3 bats
  A frilled lizard (D:1)
  A kobold (D:1)
  5 rats
26 creatures vanquished.

Notes
Turn   | Place    | Note
-------+----------+-------------------------------------------
     0 | Abyss:1  | esteth the Formicid Abyssal Knight began the quest for the Orb.
     0 | Abyss:1  | Reached XP level 1. HP: 18/18 MP: 2/2
     7 | D:1      | Escaped the Abyss
   297 | D:1      | Reached XP level 2. HP: 24/24 MP: 3/3
   500 | D:1      | Reached skill level 3 in Axes
   833 | D:1      | Reached XP level 3. HP: 27/29 MP: 4/4
  1131 | D:2      | Reached ** piety under Lugonu
  1161 | D:2      | Reached XP level 4. HP: 13/35 MP: 5/5
  1382 | D:2      | Reached skill level 4 in Axes
  1617 | D:1      | HP: 1/35 [poisoned by a gnoll]
  1618 | D:1      | Succumbed to a gnoll's poison

Skill      XL: |  1  2  3  4 |
---------------+-------------+-----
Axes           | 3 4 |  4.0
Fighting       | |  3.2
Armour         | |  2.1
Dodging        | |  0.8
Invocations    | |  2.1

Action                   |  1- 3 |  4- 6 || total
-------------------------+-------+-------++-------
Melee: Hand axe          |    65 |    11 ||    76
Invok: Bend Space        |       |     1 ||     1
  Use: Potion            |       |     2 ||     2
  Eat: Chunk             |     1 |       ||     1
       Bread ration      |       |     1 ||     1
Armor: Leather armour    |     3 |       ||     3
       Scale mail        |    18 |       ||    18
       Plate armour      |       |    17 ||    17
Dodge: Dodged            |    32 |     9 ||    41
